 BcadrenCrawl: Boulder Brew version 0.05.31-22-geda828027a (webtiles) character file.

Game seed: 14521070720264140265, levelgen mode: deterministic

93 BR41ND34D the Changer (level 4, -2/30 HPs) Oozomorph Transmuter. Began on Oct 1, 2021. Slain by a crocodile (12 damage) ... on level 2 of the Dungeon. The game lasted 00:09:11 (1013 turns).

BR41ND34D the Changer (Oozomorph Transmuter)        Turns: 1013, Time: 00:09:12

Health: -2/30      AC:  2    Str: 11    XL:     4 ^: 62
Magic:  8/8        EV: 12    Int: 14    God:
Gold:   53         SH:  0    Dex: 13    Spells: 7/8 levels left

rFire    . . .     Vision   .   b - +1 short sword (vamp)
rCold    . . .     Gourm    .   g - +0 dagger
rNeg     . . .     Faith    .   a - +0 robe
rCorr    + + +     Spirit   .   (no armour)
rPois    .         Reflect  .   (no armour)
rElec    .         Harm     .   (no armour)
MR       .....                  (no armour)
Stlth    +.........             (no armour)
HPRegen  0.20/turn              (nothing subsumed)
MPRegen  0.18/turn              (no amulet)
                                (no ring)
                                (no ring)

@: appendage
A: horns 1, cytoplasmic subsumption, amorphous body, gelatinous body 1
a: Subsume Item, End Transformation


You were on level 2 of the Dungeon.
You were not hungry.
You had grown temporary horns.
You visited 1 branch of the dungeon, and saw 2 of its levels.

You collected 53 gold pieces.

Inventory:

Weapons
 b - a +1 vampiric short sword (weapon)
 g - a +0 dagger (weapon)
Armour
 a - a +0 robe (worn)
 c - a +0 ring mail
Scrolls
 d - a scroll of blinking
 f - a scroll of silence
 j - a scroll of bless item
Potions
 e - a potion of berserk rage
 h - 2 potions of resistance
Comestibles
 i - a ration
 k - 2 chunks of flesh


   Skills:
 * Level 2.7 Fighting
 + Level 2.0 Dodging
 + Level 3.3 Unarmed Combat
 * Level 2.8 Spellcasting
 + Level 3.4 Transmutations


You had 7 spell levels left.
You knew the following spells:

 Your Spells              Type           Power        Failure   Level  Hunger
a - Beastly Appendage     Tmut           11 (50)      5%          1    0-20

Your spell library contained the following spells:

 Spells                   Type           Power        Failure   Level  Hunger
 Sticks to Snakes Tmut 11 (100) 9% 2 40-80 Scorpion Form Tmut/Pois 6 (200) 32% 3 80-140 Snakes to Sticks Hex/Tmut 6 (100) 32% 3 80-140 Ice Form Ice/Tmut 6 (100) 71% 4 160-260 Blade Hands Tmut           11 (200)     83%         5    280-440


Dungeon Overview and Level Annotations

Branches:
Dungeon (2/8)

Altars:


Innate Abilities, Weirdness & Mutations

You may subsume any weapon, armour, or jewellery into your cytoplasm to benefit from its magical properties.
Your body is completely amorphous, allowing you to wear any combination of armour.
You have seven amorphous slots; replacing the normal gear slots.
Body armours and bardings take two slots, all other armours take one.
Your gelatinous form is immune to acid, constriction and sticky flames. (rCorr+, Slime)
You have a pair of horns on your head.


Message History

You see here a bat skeleton.
There are monsters nearby!
Casting: Beastly Appendage (safe; 5% risk of failure)
Confirm with . or Enter, or press ? or * to list all spells.
You grow a pair of large bovine horns.
The ball python hisses angrily.
The crocodile bites you (2).
You hit the crocodile (2).
You draw strength from its wounds (1).
You hit the crocodile (2). The crocodile blocks your attack.
The crocodile is lightly wounded. (24/28) HP The crocodile bites you (4).
The ball python barely misses you (0).
You hit the ball python (4).
You draw strength from its wounds (1).
You kill the ball python!
You hear a splash.
The crocodile bites you (16)!
Ouch! That really hurt!
You hit the crocodile but do no damage. x2
The crocodile is lightly wounded. (24/28) HP The crocodile bites you (12)!
You die...

≈≈≈≈≈≈≈Pb≈ #≈≈##)≈≈≈#
≈≈≈≈≈≈P.#. ##..##..##
≈≈≈≈≈≈P..## ###^≈≈##.≈#
≈≈≈≈≈≈Pt.≈## ##≈...##..##
≈P≈≈≈≈≈...≈# #..PP##...#
PP≈≈≈≈≈..≈#### #..###.≈.##
≈P≈≈≈≈≈.####.###≈.≈#..####
P≈≈≈≈≈≈.#†..≈.###.≈##≈>≈.##
≈≈≈b≈≈≈≈÷t@≈.≈.##..##≈...≈#
≈≈≈≈≈≈≈.≈##≈#≈.#..P##≈≈#..#
≈≈≈≈≈≈≈...####≈..#######..#
Z..≈≈≈≈.... ##.## #≈.#
.≈..≈≈≈.S#.≈ ### #≈.#
≈≈≈≈≈PP.###.. ##≈.
.≈≈≈P≈≈.# .≈# ##. .≈≈PPP≈
≈# ## .


You could see a crocodile.

Vanquished Creatures
  2 giant cockroaches (D:1)
  3 cinder newts (D:1)
  2 dart slugs (D:1)
  2 leopard geckos
  A ball python (D:2)
  9 bats
  6 goblins (D:1)
  4 hobgoblins (D:1)
  6 kobolds (D:1)
  7 rats (D:1)
42 creatures vanquished.

Vanquished Creatures (others)
  3 withered plants (D:2)
3 creatures vanquished.

Grand Total: 45 creatures vanquished

Notes
Turn   | Place    | Note
-------+----------+-------------------------------------------
     0 | D:1      | BR41ND34D the Oozomorph Transmuter began the quest for the
                  | Orb.
     0 | D:1      | Reached XP level 1. HP: 13/13 MP: 3/3
   152 | D:1      | Reached XP level 2. HP: 15/18 MP: 5/5
   321 | D:1      | Reached XP level 3. HP: 18/24 MP: 6/6
   608 | D:1      | Reached XP level 4. HP: 30/30 MP: 8/8
  1000 | D:2      | Noticed a crocodile
  1013 | D:2      | Slain by a crocodile

Levels and vault maps discovered:
D:1:      wander_arrival_chamber, layout_loops_ring
D:2:      layout_sewer, first_ration, uniq_sigmund, uniq_eustachio

Skill      XL: |  1  2  3  4 |
---------------+-------------+-----
Transmutations | 3 |  3.4
Fighting       | 2 |  2.7
Dodging        | 2 |  2.0
Unarmed Combat | |  3.3
Spellcasting   | |  2.8

Action                   |  1- 3 |  4- 6 || total
-------------------------+-------+-------++-------
Melee: Unarmed           |    76 |       ||    76
       Short sword       |    51 |    17 ||    68
       Kick              |     1 |       ||     1
       Dagger            |    32 |     9 ||    41
 Cast: Beastly Appendage |     1 |     1 ||     2
  Use: Scroll            |     1 |       ||     1
 Stab: Sleeping          |     2 |     1 ||     3
  Eat: Chunk             |     2 |     1 ||     3
       Ration            |     2 |       ||     2
Armor: Skin              |    13 |     3 ||    16
Dodge: Dodged            |    48 |    16 ||    64
